 Dungeon Crawl Stone Soup version 0.29.1-15-g9cfb28693d (webtiles) character file.

Game seed: 3571018461077319399

37 protoss039 the Digger (level 3, 26/26 HPs)
             Began as a Demonspawn Earth Elementalist on Mar 15, 2023.
             Got out of the dungeon alive.
             The game lasted 00:01:29 (1950 turns).

protoss039 the Digger (DsEE)                        Turns: 1950, Time: 00:01:30

Health: 26/26      AC:  8    Str:  8    XL:     3   Next: 23%
Magic:  6/6        EV: 10    Int: 18    God:
Gold:   116        SH:  0    Dex: 13    Spells: 4/7 levels left

rFire   . . .      SeeInvis .   f - +0 club
rCold   . . .      Faith    .   (no shield)
rNeg    . . .      Spirit   .   i - +0 ring mail
rPois   .          Reflect  .   e - +0 helmet
rElec   .          Harm     .   (no cloak)
rCorr   .          Rampage  .   (no gloves)
Will    .....                   (no boots)
Stlth   +.........              (no amulet)
HPRegen 0.08/turn               (no ring)
MPRegen 0.10/turn               (no ring)

@: no status effects
A: icy blue scales 1, spiny 1
a: no special abilities


You escaped.
You visited 1 branch of the dungeon, and saw 2 of its levels.

You collected 116 gold pieces.

Inventory:

Hand Weapons
 f - a +0 club (weapon)
Armour
 e - a +0 helmet (worn)
 i - a +0 ring mail (worn)
Scrolls
 a - a scroll of amnesia {unknown}
 d - 4 scrolls of identify {unknown}
 h - 2 scrolls of poison {unknown}
 j - a scroll of brand weapon {unknown}
 k - a scroll of enchant armour {unknown}
 l - 2 scrolls of fear {unknown}
 n - a scroll of magic mapping {unknown}
 p - a scroll of noise {unknown}
 q - a scroll of torment {unknown}
Potions
 b - a potion of magic
 c - a potion of haste {unknown}
 g - 2 potions of flight {unknown}
 m - a potion of heal wounds {unknown}
 o - a potion of mutation {unknown}


   Skills:
 + Level 1.5 Fighting
 - Level 1.7 Dodging
 - Level 1.7 Stealth
 + Level 2.5 Spellcasting
 - Level 0.8 Transmutations
 + Level 3.1 Earth Magic


You had 4 spell levels left.
You knew the following spells:

 Your Spells              Type           Power      Damage    Failure   Level
a - Sandblast             Erth           26%        2d8       14%         1
b - Passwall              Tmut/Erth      7%         N/A       34%         2

Your spell library contained the following spells:

 Spells                   Type           Power      Damage    Failure   Level
 Stone Arrow              Conj/Erth      16%        3d8       63%         3
 Petrify                  Tmut/Erth      9%         N/A       93%         4
 Freezing Cloud           Conj/Ice/Air   1%         6-21      100%        5
 Simulacrum               Ice/Necr       1%         N/A       100%        6
 Polar Vortex             Ice            1%         N/A       100%        9


Dungeon Overview and Level Annotations

Branches:
Dungeon (2/15) Zot: 10031

Altars:


Innate Abilities, Weirdness & Mutations

You are partially covered in icy blue scales. (AC +2)
You are partially covered in sharp spines.


Message History

You are frozen.
An endoplasm is nearby!
You barely miss the endoplasm.
The endoplasm is severely wounded.
The endoplasm barely misses you.
The endoplasm hits you but does no damage.
An endoplasm is nearby!
You hit the endoplasm.
You kill the endoplasm!
Key pressed, stopping explore.
No target in view!
Key pressed, stopping explore.
No target in view!
Found a leather armour.
No target in view!
Key pressed, stopping explore.
No target in view!
A kobold comes into view. It is wielding a +0 short sword.
The kobold shouts!
A kobold is nearby!
A kobold is nearby!
The kobold hits you but does no damage.
You hit the kobold.
The kobold is moderately wounded.
The kobold is struck by your spines.
You kill the kobold!
No target in view!
No target in view!
You see here an orb of wrath.
There is a stone staircase leading up here.
You climb upwards.
There is a stone staircase leading down here.
You can't go up here!
As you open the door, it creaks loudly!
You can't go up here!
There is an open door here.
There is an empty arch of ancient stone here.
There is a staircase leading out of the dungeon here.
Are you sure you want to leave the Dungeon?
This will make you lose the game!
You have escaped!

...#######
#...~...#....########
.........# #.8.~.8.#....# #
.........# #...~...#.#### #
.........# #.♣.~.♣.#.# #
.........# #...~...#.# #
.........# #.8.~.8.#.#
######...# #...~...#.#
#####...# ###...###.#
##.......#######@## #.#
.'.......'.....### #.#
##.......#####.# #.#
.........# #.# #.# ....##.###
#.# #.# ....##.# #.# #.#
....##.# #.# #.# ....##.# #.#
####.# ###
....##.#######.###....######.#


There were no monsters in sight!

Vanquished Creatures
  An adder (D:2)
  A dart slug (D:1)
  5 bats
  2 endoplasms
  4 goblins
  2 hobgoblins (D:2)
  2 ball pythons
  3 frilled lizards (D:1)
  2 kobolds
  4 rats (D:2)
26 creatures vanquished.

Notes
Turn   | Place    | Note
-------+----------+-------------------------------------------
     0 | D:1      | protoss039 the Demonspawn Earth Elementalist began the
                  | quest for the Orb.
     0 | D:1      | Reached XP level 1. HP: 13/13 MP: 3/3
   553 | D:1      | Gained mutation: You are partially covered in icy blue
                  | scales. (AC +2) [demonic ancestry]
   553 | D:1      | Reached XP level 2. HP: 10/20 MP: 0/5
   740 | D:1      | Learned a level 2 spell: Passwall
  1186 | D:2      | Reached skill level 1 in Fighting
  1235 | D:2      | Reached skill level 3 in Earth Magic
  1400 | D:2      | Gained mutation: You are partially covered in sharp spines.
                  | [demonic ancestry]
  1400 | D:2      | Reached XP level 3. HP: 15/26 MP: 0/6
  1950 | D:$      | Got out of the dungeon alive.

Illustrated notes

Levels and vault maps discovered:
D:1:      mainiacjoe_arrival_reflecting_pool, layout_basic,
          minmay_misc_feat_tiny
D:2:      layout_loops_ring

Skill      XL: |  1  2 |
---------------+-------+-----
Fighting       | 1 |  1.5
Earth Magic    | 3 |  3.1
Dodging        | |  1.7
Stealth        | |  1.7
Spellcasting   | |  2.5
Transmutations | |  0.8

Action                   || total
-------------------------++-------
Melee: Unarmed           ||     1
       Club              ||    21
 Cast: Sandblast         ||    26
 Stab: Sleeping          ||     1
Armor: Robe              ||     1
       Ring mail         ||    18
Dodge: Dodged            ||    25
